 Dungeon Crawl Stone Soup version 0.30-a0-3-gc9032a9cac (webtiles) character file.

Game seed: 2551839128123892297

252 BritishOli the Trooper (level 5, -2/42 HPs)
             Began as a Demonspawn Fighter on Aug 20, 2022.
             Slain by a lemure (6 damage)
             ... led by Pikel
             ... on level 3 of the Dungeon.
             The game lasted 00:02:37 (3421 turns).

BritishOli the Trooper (Demonspawn Fighter)         Turns: 3421, Time: 00:02:37

Health: -2/42      AC:  8    Str: 18    XL:     5   Next: 89%
Magic:  5/5        EV:  9    Int:  9    God:
Gold:   213        SH:  5    Dex: 13    Spells: 4/4 levels left

rFire   . . .      SeeInvis .    a - +0 long sword
rCold   . . .      Faith    .    c - +0 buckler
rNeg    . . .      Spirit   .    b - +0 scale mail
rPois   .          Reflect  .    l - +0 helmet
rElec   .          Harm     .    (no cloak)
rCorr   .          Rampage  .    (no gloves)
Will    .....                    (no boots)
Stlth   ..........               (no amulet)
HPRegen 0.14/turn                (no ring)
MPRegen 0.09/turn                (no ring)

@: no status effects
A: hooves 2, foul stench 1
a: no special abilities


You were on level 3 of the Dungeon.
You visited 1 branch of the dungeon, and saw 4 of its levels.

You collected 213 gold pieces.

Inventory:

Hand Weapons
 a - a +0 long sword (weapon)
Armour
 b - a +0 scale mail (worn)
 c - a +0 buckler (worn)
 l - a +0 helmet (worn)
Scrolls
 f - a scroll of vulnerability {unknown}
 g - 2 scrolls of magic mapping {unknown}
 h - 2 scrolls of identify {unknown}
 i - a scroll of enchant armour {unknown}
 m - 3 scrolls of fear {unknown}
 o - a scroll of teleportation {unknown}
 p - 2 scrolls of immolation {unknown}
 q - a scroll of fog {unknown}
 r - a scroll of amnesia {unknown}
Potions
 d - a potion of might
 e - 2 potions of heal wounds {unknown}
 j - a potion of degeneration {unknown}
 k - a potion of lignification {unknown}
 n - a potion of brilliance {unknown}


   Skills:
 + Level 4.2 Fighting
 + Level 3.1 Long Blades
 + Level 3.8 Armour
 + Level 3.8 Shields


You had 4 spell levels left.
You didn't know any spells.
Your spell library contained the following spells:

 Spells                   Type           Power      Damage    Failure   Level
 Blink                    Tloc           0%         N/A       94%         2
 Lesser Beckoning         Tloc           0%         N/A       99%         3
 Stone Arrow              Conj/Erth      0%         3d7       99%         3
 Animate Armour           Summ/Erth      0%         N/A       100%        4
 Manifold Assault         Tloc           0%         N/A       100%        5
 Lehudib's Crystal Spear  Conj/Erth      0%         10d2      100%        8


Dungeon Overview and Level Annotations

Branches:
Dungeon (4/15)
 Temple: D:4-7

Altars:

Annotations:
D:4 Pikel


Innate Abilities, Weirdness & Mutations

You have hoof-like feet.
You may rarely emit foul miasma when damaged in melee.


Message History

You completely miss the lemure.
The lemure is almost dead.
The lemure hits you but does no damage.
You hit the lemure but do no damage. You kick the lemure, but do no damage.
The lemure is almost dead.
The lemure barely misses you.
You hit the lemure but do no damage. Your kick misses the lemure.
The lemure is almost dead.
The lemure hits you but does no damage. The lemure closely misses you.
You hit the lemure but do no damage. You kick the lemure.
The lemure is almost dead.
The lemure hits you.
* * * LOW HITPOINT WARNING * * *
You barely miss the lemure.
The lemure is almost dead.
The lemure hits you but does no damage.
You hit the lemure.
You kill the lemure!
That felt strangely unrewarding.
You closely miss the lemure. Your kick misses the lemure. The lemure hits you.
* * * LOW HITPOINT WARNING * * *
The lemure hits you but does no damage.
You barely miss the lemure. The lemure hits you.
* * * LOW HITPOINT WARNING * * *
You closely miss the lemure. Your kick misses the lemure.
The lemure closely misses you.
You barely miss the lemure. The lemure hits you.
* * * LOW HITPOINT WARNING * * *
The lemure hits you but does no damage.
You barely miss the lemure. You kick the lemure.
The lemure is lightly wounded.
The lemure hits you.
* * * LOW HITPOINT WARNING * * *
You closely miss the lemure. You kick the lemure, but do no damage.
The lemure is lightly wounded.
The lemure closely misses you.
You slash the lemure!
The lemure is moderately wounded.
The lemure barely misses you. The lemure hits you.
You die...

############# #...........#
#.#########.# #..# #.# ##..###
####.# #.....# #..... ##
#######.....###.##.. .###########
#.5@........#.......
...#.......###.#####....<#.#.#..~
................5............#...
##.........###+#......####...#...
###..............##...........^.~
.................##....###..#....
###..............##......#..#....
#........................#..###~~
#.#..............#..#....#.......


You could see a lemure.

Vanquished Creatures
  A lemure (D:3)
  A scorpion (D:3)
  Natasha (twice) (D:3)
  7 adders
  4 worms
  A dart slug (D:2)
  6 ball pythons
  7 bats
  7 endoplasms
  A giant cockroach (D:3)
  2 goblins (D:1)
  7 hobgoblins
  4 jackals (D:1)
  8 kobolds
  4 quokkas
  3 frilled lizards
  5 rats
70 creatures vanquished.

Vanquished Creatures (others)
  16 plants (D:1)
16 creatures vanquished.

Grand Total: 86 creatures vanquished

Notes
Turn   | Place    | Note
-------+----------+-------------------------------------------
     0 | D:1      | BritishOli the Demonspawn Fighter began the quest for the
                  | Orb.
     0 | D:1      | Reached XP level 1. HP: 18/18 MP: 1/1
   173 | D:1      | Gained mutation: You have large cloven feet. [demonic
                  | ancestry]
   173 | D:1      | Reached XP level 2. HP: 23/24 MP: 2/2
   314 | D:1      | Found a faded altar of an unknown god.
   520 | D:1      | Reached XP level 3. HP: 24/29 MP: 3/3
  1516 | D:2      | Gained mutation: You have hoof-like feet. [demonic
                  | ancestry]
  1516 | D:2      | Reached XP level 4. HP: 34/35 MP: 4/4
  2530 | D:3      | Gained mutation: You may rarely emit foul miasma when
                  | damaged in melee. [demonic ancestry]
  2530 | D:3      | Reached XP level 5. HP: 32/42 MP: 5/5
  3060 | D:4      | Noticed Natasha
  3061 | D:4      | Noticed a lemure
  3061 | D:4      | Noticed a lemure
  3061 | D:4      | Noticed a lemure
  3062 | D:4      | Noticed a lemure
  3078 | D:3      | Reached skill level 4 in Fighting
  3083 | D:3      | Killed Natasha
  3209 | D:3      | Noticed Natasha
  3221 | D:3      | Killed Natasha
  3385 | D:4      | Noticed Pikel
  3414 | D:3      | Killed a lemure
  3421 | D:3      | Slain by a lemure

Illustrated notes

Levels and vault maps discovered:
D:1:      roderic_crop_circles_arrival_small, layout_loops_ring,
          hellmonk_ecumenical_altar_crossroads, dreamdust_wishing_well,
          minmay_tree_intersection
D:2:      layout_loops_ring, st_stairs_9
D:3:      layout_basic, chequers_serial_rivers_marsh
D:4:      layout_rooms, amcnicky_mini_rare_corridor_liquid, minmay_cut_off,
          uniq_pikel, uniq_natasha, uniq_menkaure

Skill      XL: |  1  2  3  4  5 |
---------------+----------------+-----
Long Blades    | 2 3 |  3.1
Armour         | 3 |  3.8
Shields        | 3 |  3.8
Fighting       | 4 |  4.2

Action                   |  1- 3 |  4- 6 || total
-------------------------+-------+-------++-------
Melee: Long sword        |    96 |   140 ||   236
       Kick              |    15 |    37 ||    52
Armor: Scale mail        |    67 |    64 ||   131
Dodge: Dodged            |    55 |    66 ||   121
Block: Buckler           |    24 |    35 ||    59

Table legend: (Time is in decaauts)
 A = Elapsed time spent in this place.
 B = Non-inter-level travel time spent in this place.
 C = Inter-level travel time spent in this place.
 D = Time resting spent in this place.
 E = Time spent auto-exploring this place.
 F = Levels seen in this place.
 G = Mean time per level.
                   A        B        C        D        E       F      G
               +--------+--------+--------+--------+--------+-----+--------+
         Total |   3513 |   3365 |    148 |    552 |   2271 |   4 |  878.2 |
       Dungeon |   3513 |   3365 |    148 |    552 |   2271 |   4 |  878.2 |
               +--------+--------+--------+--------+--------+-----+--------+

Top non-repeatable levels by time:
     D:1: 1521 daAuts
     D:3: 1270 daAuts
     D:2: 714 daAuts
     D:4: 7 daAuts
